[Event "*** Titled Tuesday Blitz"]
[Site "Chess.com"]
[Date "2020.04.07"]
[Round "6"]
[White "LADIESGET2KNOWME"]
[Black "dennisodessa"]
[Result "0-1"]
[WhiteElo "2437"]
[BlackElo "2305"]
[TimeControl "180+1"]
[EndTime "14:07:40 PDT"]
[Termination "dennisodessa won by checkmate"]

1. d4 e6 2. Nc3 d5 3. e4 Nc6 4.
Nf3 Nf6 5. Bg5 Be7 6. e5 Ne4 7. Bxe7 Qxe7 8. Bd3 Qb4 9. O-O Nxc3 10. bxc3 Qxc3 11. Rb1 Qa3 12. c4 dxc4 13. Bxc4 Ne7 14. Ng5 h6 15. Ne4 Nf5 16. d5 exd5 17. Bxd5 O-O 18.
Rb3 Qa6 19. Qh5 c6 20. Nf6+ gxf6 21. exf6 cxd5 22. Rg3+ Kh7 23. Rg7+ Nxg7 24. fxg7 Kxg7 25. f4 Qg6 26. Qh4 Qf6 27. Qh5 Bf5 28. Rf3 Bg6 29. Rg3 Qd4+ 30. Kf1 Qxf4+ 31. Rf3 Qc1+ 32. Kf2 Qd2+ 33.
Kg3 Qg5+ 34. Qxg5 hxg5 35. Re3 Rfe8 36. Rc3 d4 37. Rc1 d3 38. Rd1 Rad8 39. h4 d2 40.
hxg5 Re1 41. Rxd2 Rxd2 42. Kf4 Rxg2 43. Kf3 Rxa2 44. Kf4 Rb1 45. Kg4 Rb4+ 46. Kh3 Ra3+ 47. Kg2 Rb2+ 48. Kh1 Ra1# 0-1

[Event "*** Titled Tuesday Blitz"]
[Site "Chess.com"]
[Date "2020.04.07"]
[Round "6"]
[White "Bagirova"]
[Black "zivicd"]
[Result "1-0"]
[WhiteElo "2173"]
[BlackElo "2278"]
[TimeControl "180+1"]
[EndTime "14:07:40 PDT"]
[Termination "Bagirova won on time"]

1. e4 c5 2. Nf3 e6 3. d4 cxd4 4. Nxd4 a6 5. Nc3 Qc7 6. Bd3 Nf6 7. O-O b5 8. a3 Bb7 9. Be3 b4 10. axb4 Bxb4 11. f3 d5 12. exd5 Bxc3 13. d6 Qxd6 14. bxc3 Nd5 15. Bd2 Nc6 16. Nxc6 Qxc6 17. c4 Qc5+ 18.
Rf2 Ne7 19. Qe2 O-O 20. Be3 Qc7 21. Bd4 Nc6 22. Bb2 e5 23. Re1 f6 24. Qe4 g6 25.
Qg4 Bc8 26. Qg3 Qa5 27. Rfe2 Ra7 28. Bc1 Raf7 29. Bh6 f5 30. Bxf8 Rxf8 31. h4 Qc5+ 32. Kh1 a5 33. h5 Kg7 34. Qg5 h6 35. Qxg6+ 1-0

[Event "*** Titled Tuesday Blitz"]
[Site "Chess.com"]
[Date "2020.04.07"]
[Round "6"]
[White "AlleyOoper"]
[Black "timator"]
[Result "1-0"]
[WhiteElo "2509"]
[BlackElo "2647"]
[TimeControl "180+1"]
[EndTime "14:07:41 PDT"]
[Termination "AlleyOoper won by resignation"]

1. d4 Nf6 2. Bf4 e6 3. e3 b6 4. Nf3 Bb7 5. Bd3 h6 6. h3 Bd6 7. Bxd6 cxd6 8. Nbd2 O-O 9. O-O d5 10. Qe2 Ne4 11. c4 Nxd2 12. Nxd2 dxc4 13. Nxc4 d5 14. Ne5 Nd7 15. f4 f5 16. Rac1 Nxe5 17. fxe5 Rc8 18. Qh5 Qg5 19. Qxg5 hxg5 20. Kf2 g6 21. Ke2 Kf7 22.
Kd2 Ke7 23. Rxc8 Rxc8 24. Rc1 Rxc1 25. Kxc1 Bc6 26. Kd2 Kf7 27. Ke2 Kg7 28. g3 Kh6 29. Kf2 Kh5 30. Be2+ Kh6 31. a3 a5 32. Ba6 Kg7 33. Bc8 Kf7 34. Kf3 Bb5 35. h4 Ke7 36. hxg5 Bd3 37. Kf4 Be2 38. b4 axb4 39. axb4 Kf7 40.
Bd7 b5 41. g4 fxg4 42. Bc6 Ke7 43. e4 Bf3 44. exd5 exd5 45. Bxb5 Be4 46. Be2 Kd7 47.
Bxg4+ Kc6 48. Be2 Bf5 49. Bf3 Be6 50. Bg4 Bf7 51. e6 1-0

[Event "*** Titled Tuesday Blitz"]
[Site "Chess.com"]
[Date "2020.04.07"]
[Round "6"]
[White "Crazy_girl99"]
[Black "GreatDamnedRedSpot"]
[Result "1-0"]
[WhiteElo "2473"]
[BlackElo "2306"]
[TimeControl "180+1"]
[EndTime "14:07:41 PDT"]
[Termination "Crazy_girl99 won on time"]

1. Nf3 c6 2. e4 g6 3. d4 Na6 4.
Nc3 Nc7 5. Be2 d5 6. e5 h5 7. Bf4 Bh6 8. Qd2 Bg4 9. O-O-O Ne6 10. Bxh6 Bxf3 11. Bxf3 Nxh6 12. Ne2 Nf5 13. g3 Qb6 14. h3 O-O-O 15. Kb1 Kb8 16. c3 Nc7 17. Nc1 e6 18.
Rhe1 Na6 19. Be2 Rc8 20. Nb3 Ka8 21. Qf4 Rc7 22. g4 hxg4 23. hxg4 Ng7 24. Qf6 Rg8 25. Rh1 Rd7 26. Rh7 Ne8 27. Qf3 Rf8 28. Rdh1 Nb8 29. Nc5 Re7 30. Bd3 Qc7 31. Rh8 Rxh8 32. Rxh8 b6 33.
Nb3 Kb7 34. Rf8 Qd7 35. c4 dxc4 36. Bxc4 Nc7 37. Qe2 a5 38. Qe3 Nba6 39. a3 Nd5 40. Qe2 Nac7 41. Nc1 Nf4 42. Qd2 1-0

[Event "*** Titled Tuesday Blitz"]
[Site "Chess.com"]
[Date "2020.04.07"]
[Round "6"]
[White "medalja"]
[Black "AsaHoffmann"]
[Result "1-0"]
[WhiteElo "2444"]
[BlackElo "2254"]
[TimeControl "180+1"]
[EndTime "14:07:41 PDT"]
[Termination "medalja won by checkmate"]

1. d4 Nf6 2. c4 c5 3. d5 e5 4. Nc3 d6 5. g3 Be7 6. Bg2 O-O 7. e4 Na6 8. Nge2 Ne8 9. O-O Bd7 10. f4 Bf6 11.
Be3 Nec7 12. a4 Nb4 13. Qd2 b6 14. h3 a6 15. f5 Qe7 16. g4 h6 17. Ng3 b5 18. Nh5 Bg5 19. Bxg5 Qxg5 20. Qe2 g6 21. Ng3 bxc4 22. Nb1 Nd3 23. Nd2 Qh4 24. Qe3 Nf4 25. Kh2 Nxg2 26. Kxg2 Qg5 27. Qxg5 hxg5 28. Nxc4 Rab8 29.
Rf2 Rb4 30. Nxd6 Rfb8 31. fxg6 fxg6 32. Nf7 Rxb2 33. Nxe5 Rxf2+ 34. Kxf2 Rb2+ 35. Ne2 Be8 36. Nd3 Rb3 37. Nxc5 Rxh3 38. d6 Rh2+ 39. Ke3 Rh3+ 40. Kd2 Na8 41. d7 Bxd7 42. Nxd7 Nc7 43. Rf1 Ne6 44.
e5 Rh2 45. Ke3 Rh3+ 46. Ke4 Ra3 47. Kd5 Ng7 48. Rf8+ Kh7 49. Nf6+ Kh6 50. Rh8# 1-0

[Event "*** Titled Tuesday Blitz"]
[Site "Chess.com"]
[Date "2020.04.07"]
[Round "6"]
[White "saraswathii"]
[Black "JacekDubiel"]
[Result "1-0"]
[WhiteElo "2234"]
[BlackElo "2370"]
[TimeControl "180+1"]
[EndTime "14:07:41 PDT"]
[Termination "saraswathii won by resignation"]

1. e4 c5 2. Nf3 Nf6 3. d3 Nc6 4. g3 d5 5. exd5 Nxd5 6. Bg2 e5 7. O-O Be6 8. Re1 f6 9. c3 Nc7 10. Be3 Be7 11. d4 cxd4 12. cxd4 e4 13. Nfd2 f5 14. Nb3 Nd5 15. Nc3 O-O 16. f3 f4 17. gxf4 exf3 18. Qxf3 Nxe3 19. Qxe3 Bxb3 20. axb3 Bf6 21. Qe6+ Kh8 22.
Bxc6 Qxd4+ 23. Kh1 bxc6 24. Qxc6 Qxf4 25. Rf1 Qh4 26. Nd5 Be5 27. Qc2 Rfc8 28. Qe2 Re8 29. Qg2 h6 30. Rae1 Rad8 31. Re2 Qd4 32. Nc3 Qb4 33.
Rfe1 Qa5 34. Qg6 Rc8 35. Qh5 Rc5 36. Qxe8+ 1-0

[Event "*** Titled Tuesday Blitz"]
[Site "Chess.com"]
[Date "2020.04.07"]
[Round "6"]
[White "DishonorOnYourCow"]
[Black "Unknown_IM"]
[Result "0-1"]
[WhiteElo "2330"]
[BlackElo "2555"]
[TimeControl "180+1"]
[EndTime "14:07:42 PDT"]
[Termination "Unknown_IM won by resignation"]

1. d4 d5 2. c4 c6 3. Nf3 Nf6 4. e3 e6 5. b3 c5 6. Bb2 cxd4 7. exd4 b6 8. Nbd2 Bb7 9. Bd3 Nbd7 10. O-O Bd6 11. Ne5 O-O 12. Qf3 dxc4 13. Qxb7 cxd3 14. Ndc4 Bxe5 15. dxe5 Nd5 16. Nd6 Nc5 17. Qc6 Qg5 18. b4 Nxb4 19. Ne4 Qg6 20. Qb5 Qxe4 21. Rae1 Qh4 22. g3 Qg4 23. f3 a6 24. Qxb6 Qc4 25.
Ba3 a5 26. Rc1 Qd4+ 27. Kh1 Nb3 28. Qxd4 Nxd4 29. Rfd1 Ndc2 30. Bxb4 Nxb4 31. a3 Nd5 32. Rxd3 Rfc8 33. Rb1 h6 34. f4 Rc7 35. f5 Rac8 36.
fxe6 fxe6 37. Rb5 Rc5 38. Rb7 R8c7 39. Rb8+ Kh7 40. Rdb3 a4 41. Rf3 Rc2 42. Rff8 Ne3 43. h4 Re2 44. h5 Rc1+ 0-1

[Event "*** Titled Tuesday Blitz"]
[Site "Chess.com"]
[Date "2020.04.07"]
[Round "6"]
[White "dusanacns"]
[Black "AnonymousBread"]
[Result "1/2-1/2"]
[WhiteElo "2726"]
[BlackElo "2531"]
[TimeControl "180+1"]
[EndTime "14:07:43 PDT"]
[Termination "Game drawn by repetition"]

1. e4 e5 2. Nf3 Nc6 3. Bc4 Bc5 4. c3 Nf6 5. d3 d6 6. h3 h6 7.
Nbd2 a6 8. Bb3 Be6 9. Nf1 d5 10. Qe2 O-O 11. Ng3 Re8 12. Nh2 Bf8 13. Ng4 Nxg4 14.
hxg4 Qd7 15. g5 dxe4 16. dxe4 Bxb3 17. axb3 hxg5 18. Bxg5 f6 19. Be3 Qf7 20. b4 Rad8 21. Nf5 Ne7 22. Qg4 Nxf5 23. exf5 Qb3 24. Rb1 e4 25.
Qh5 Qc2 26. Qh7+ Kf7 27. Qg6+ Kg8 28. Rc1 Qxb2 29. Rh7 Rd3 30. Qh5 Rxe3+ 31. fxe3 Qxc1+ 32. Ke2 Qc2+ 33. Kf1 Qc1+ 34. Kf2 Qd2+ 35. Kf1 Qc1+ 36. Kf2 Qd2+ 37. Kf1 Qc1+ 1/2-1/2

[Event "*** Titled Tuesday Blitz"]
[Site "Chess.com"]
[Date "2020.04.07"]
[Round "6"]
[White "anesar92"]
[Black "Zq1"]
[Result "1-0"]
[WhiteElo "2735"]
[BlackElo "2553"]
[TimeControl "180+1"]
[EndTime "14:07:45 PDT"]
[Termination "anesar92 won on time"]

1. e4 c5 2. Nf3 d6 3. Nc3 Nc6 4.
g3 g6 5. d4 cxd4 6. Nxd4 Bg7 7.
Be3 Nf6 8. h3 Nxd4 9. Bxd4 O-O 10. Bg2 Be6 11. O-O Qc7 12. Re1 Rac8 13. a4 a6 14. Qd2 Nd7 15. Bxg7 Kxg7 16. f4 Qb6+ 17. Re3 Qxb2 18. Rb1 Qa3 19. Rxb7 Qc5 20. Kh2 Rb8 21. Rxb8 Rxb8 22. Nd5 Bxd5 23. exd5 Rb2 24. Rc3 Qb4 25. Qe3 Nf6 26. Rc7 Qxa4 27. Qxe7 Qe8 28. Qxd6 Qe2 29.
Qe6 Qxe6 30. dxe6 Ne8 31. Rxf7+ Kg8 32. Re7 Kf8 33. Rxh7 Rxc2 34. h4 Nd6 35. Kh3 Re2 36.
Bd5 Nf5 37. g4 Re3+ 38. Kh2 Ne7 39. Bc4 Re4 40. Rf7+ Ke8 41. Bxa6 1-0

[Event "*** Titled Tuesday Blitz"]
[Site "Chess.com"]
[Date "2020.04.07"]
[Round "6"]
[White "JustWatch000"]
[Black "LivajaM"]
[Result "1/2-1/2"]
[WhiteElo "2588"]
[BlackElo "2336"]
[TimeControl "180+1"]
[EndTime "14:07:47 PDT"]
[Termination "Game drawn by repetition"]

1. Nf3 Nf6 2. c4 g6 3. Nc3 Bg7 4. g3 O-O 5. Bg2 d6 6. O-O e5 7. d4 Nc6 8. e4 h6 9. h3 Kh7 10. Be3 exd4 11. Nxd4 Bd7 12. Rc1 Re8 13. f3 Ne5 14. b3 a6 15. Bf2 Qc8 16. g4 Nc6 17.
Qd2 Kg8 18. Nd5 Nh7 19. Rfe1 Qd8 20. Rcd1 Ng5 21. h4 Ne6 22. Nxe6 fxe6 23. Nf4 Ne5 24. c5 dxc5 25. Bxc5 Qxh4 26. Bf2 Qf6 27. Bg3 Bc6 28.
Nd3 Nxd3 29. Qxd3 Rad8 30. Qe2 Qe7 31. e5 Rxd1 32. Rxd1 Rd8 33. f4 Rxd1+ 34. Qxd1 Qc5+ 35. Kh2 Bxg2 36. Kxg2 Qc6+ 37. Kh2 Bf8 38. Bh4 Kf7 39. Qd8 Qc2+ 40. Kh3 Qc3+ 41. Bg3 Be7 42. Qh8 Qd3 43. Qxh6 Qf1+ 44. Kh2 Qe2+ 45. Kh3 Qf1+ 46. Kh2 Qe2+ 47. Kh3 Qf1+ 1/2-1/2

[Event "*** Titled Tuesday Blitz"]
[Site "Chess.com"]
[Date "2020.04.07"]
[Round "6"]
[White "AshotParvanyan"]
[Black "2L8IWUN"]
[Result "0-1"]
[WhiteElo "2518"]
[BlackElo "2382"]
[TimeControl "180+1"]
[EndTime "14:07:47 PDT"]
[Termination "2L8IWUN won by resignation"]

1. e4 c5 2. Nf3 d6 3. Nc3 Nc6 4. Bc4 Nf6 5. O-O e6 6. d3 Be7 7. a3 a6 8. Re1 h6 9. h3 O-O 10.
Rb1 b5 11. Ba2 b4 12. Ne2 a5 13. Bc4 Rb8 14. Be3 Bd7 15. a4 Ne8 16. Ng3 Nc7 17. d4 d5 18. exd5 exd5 19. Bd3 c4 20. Bf5 Bd6 21.
Bxd7 Qxd7 22. Qd2 f5 23. Bf4 Bxf4 24. Qxf4 Ne6 25. Qd2 Rbe8 26. Ne5 Nxe5 27. Rxe5 f4 28. Nf5 f3 29. Rbe1 Ng5 30. Qf4 fxg2 31. Kxg2 Rxe5 32. Rxe5 Ne6 33. Qg4 Rf6 34. Kf1 Qf7 35. Rxd5 Kh7 36. Re5 g6 37. Ng3 Rxf2+ 38. Kg1 Rxc2 39. Ne4 Rc1+ 40.
Kh2 Qf1 41. Rxe6 Rc2+ 42. Kg3 Rg2+ 43. Kh4 Rxg4+ 44. Kxg4 Qf5+ 45. Kg3 Qxe6 0-1

[Event "*** Titled Tuesday Blitz"]
[Site "Chess.com"]
[Date "2020.04.07"]
[Round "6"]
[White "mshuaau0"]
[Black "michechess89"]
[Result "0-1"]
[WhiteElo "2209"]
[BlackElo "2418"]
[TimeControl "180+1"]
[EndTime "14:07:47 PDT"]
[Termination "michechess89 won by checkmate"]

1. e4 c5 2. Nf3 Nc6 3. d4 cxd4 4. Nxd4 e5 5. Nxc6 bxc6 6. Nc3 Nf6 7. Bg5 Be7 8. Bxf6 Bxf6 9. Bc4 O-O 10. O-O d6 11.
Qd3 Be6 12. Rfd1 Be7 13. Bxe6 fxe6 14. Qc4 Qc8 15. b3 d5 16. Qe2 Bc5 17. Rf1 Bd4 18.
Qd2 dxe4 19. Rae1 Qa6 20. a4 Rad8 21. Qe2 Qxe2 22. Nxe2 Bb6 23. Ng3 Rd2 24. Re2 Rxe2 25. Nxe2 e3 26. f3 Rd8 27. Rc1 Rd2 28. Kf1 Bc5 29.
Ke1 Ba3 30. Rd1 Rxc2 31. Rd3 Bc5 32. Rc3 Bb4 33. Kd1 Rxc3 34. Nxc3 Bxc3 35. Ke2 Bd4 36. g3 Kf7 37. Kd3 Ke7 38. h4 Kd6 39. b4 c5 40. b5 Kd5 41. g4 c4+ 42. Ke2 Kc5 43.
h5 h6 44. Kd1 Kb4 45. b6 axb6 46. Ke2 Kxa4 47. Kd1 Kb3 48. Ke2 c3 49. g5 hxg5 50.
f4 exf4 51. Kd1 c2+ 52. Ke2 c1=Q 53. Kf3 Qc2 54. Kg4 Qf5+ 55. Kf3 g4+ 56. Ke2 f3+ 57. Kd1 Qb1# 0-1

[Event "*** Titled Tuesday Blitz"]
[Site "Chess.com"]
[Date "2020.04.07"]
[Round "6"]
[White "VerdeNotte"]
[Black "nurgyulsalimova"]
[Result "1-0"]
[WhiteElo "2748"]
[BlackElo "2558"]
[TimeControl "180+1"]
[EndTime "14:07:48 PDT"]
[Termination "VerdeNotte won by resignation"]

1. e4 c6 2. Nc3 d5 3. Nf3 dxe4 4. Nxe4 Nf6 5. Qe2 Nxe4 6. Qxe4 Nd7 7. b3 Nf6 8. Qe3 Bf5 9. Bb2 e6 10. O-O-O Qa5 11.
Nd4 Ba3 12. Nxf5 Bxb2+ 13. Kxb2 Qxf5 14. f3 Nd5 15. Qc5 Ne7 16. Qd4 O-O 17. Bd3 Qd5 18.
Bxh7+ Kxh7 19. Qh4+ Kg8 20. Qxe7 a5 21. d4 a4 22. Qc5 Qd8 23. Qb4 Qc7 24. h4 Ra5 25. h5 Rfa8 26. h6 axb3 27. axb3 Ra2+ 28. Kc3 Qf4 29. h7+ Kh8 30. Rd3 e5 31. Re1 Kxh7 32.
Qd6 exd4+ 33. Qxd4 Qc7 34. Qc5 Qg3 35. Rh1+ Kg8 36.
Qh5 Kf8 37. Rd7 Rxc2+ 38. Kxc2 Qf2+ 39. Kd3 1-0

[Event "*** Titled Tuesday Blitz"]
[Site "Chess.com"]
[Date "2020.04.07"]
[Round "6"]
[White "Pavlov_Sergey"]
[Black "platy3"]
[Result "1-0"]
[WhiteElo "2562"]
[BlackElo "2782"]
[TimeControl "180+1"]
[EndTime "14:07:48 PDT"]
[Termination "Pavlov_Sergey won by checkmate"]

1. c4 Nf6 2. Nf3 e6 3. g3 d5 4.
Bg2 d4 5. O-O c5 6. e3 Nc6 7. exd4 cxd4 8. d3 Bd6 9. Bg5 h6 10.
Bxf6 Qxf6 11. Nbd2 Qe7 12. Ne4 Bc7 13. a3 a5 14. Rb1 O-O 15. Re1 Rd8 16. Re2 f5 17. Ned2 e5 18. Nh4 Qf6 19. b4 axb4 20. axb4 e4 21.
dxe4 d3 22. Re3 f4 23. Re1 Nd4 24. e5 Ne2+ 25. Kh1 Qxe5 26. Ne4 Bg4 27. f3 Be6 28.
Ng6 Qh5 29. Ne7+ Kf7 30. g4 Qh4 31. Nd5 Bxd5 32. cxd5 Rxd5 33. Rxe2 Rad8 34. Rd2 Kg8 35. Rb3 Bb6 36. Rbxd3 Rxd3 37. Rxd3 Rc8 38. Nd6 Ra8 39. Nf5 Qf2 40. Rd2 Ra1 41. Qxa1 Qxd2 42. Qxg7# 1-0

[Event "*** Titled Tuesday Blitz"]
[Site "Chess.com"]
[Date "2020.04.07"]
[Round "6"]
[White "GodDMuhammad"]
[Black "elohunter1999"]
[Result "0-1"]
[WhiteElo "2315"]
[BlackElo "2476"]
[TimeControl "180+1"]
[EndTime "14:07:49 PDT"]
[Termination "elohunter1999 won by resignation"]

1. f4 Nh6 2. Nf3 g6 3. g3 d5 4.
d3 Bg7 5. Bg2 O-O 6. c3 c5 7.
Qc2 Nc6 8. Nbd2 d4 9. e4 dxe3 10. Nc4 Bf5 11. Ke2 Nd4+ 12. cxd4 cxd4 13. h3 Rc8 14.
Qa4 Bd7 15. Qxa7 b5 16. Na3 Nf5 17. Rd1 Nxg3+ 18. Ke1 Ra8 19. Qc5 Qb8 20. Ne5 Bxe5 21. Qxe5 Qb6 22. Bxa8 Qa5+ 23. Bd2 exd2+ 24. Rxd2 Qxa8 25.
Kf2 Nf5 26. Nxb5 Nh4 27. Nxd4 Rd8 28. Qe4 Qa7 29. Kg3 Qxd4 30. Qxd4 Nf5+ 31. Kf2 Nxd4 32.
b4 Bxh3 33. b5 Nxb5 34. a4 Nd4 35. Ra3 Be6 36. a5 Bd5 37. a6 Ra8 38. Rb2 h5 39. Ke3 Nc6 40. Rb5 e6 41. Rc5 h4 42. Kf2 Ra7 43. Rb5 Kg7 44. Rb7 Ra8 45. a7 h3 46.
Rc7 h2 47. Ra1 h1=Q 48. Rxh1 Bxh1 49. Ke3 Rxa7 50. Rxa7 Nxa7 0-1

[Event "*** Titled Tuesday Blitz"]
[Site "Chess.com"]
[Date "2020.04.07"]
[Round "6"]
[White "W_Amadeus"]
[Black "PotapovaM"]
[Result "0-1"]
[WhiteElo "2726"]
[BlackElo "2545"]
[TimeControl "180+1"]
[EndTime "14:07:50 PDT"]
[Termination "PotapovaM won by resignation"]

1. e4 c5 2. Nf3 d6 3. d4 cxd4 4. Nxd4 Nf6 5. Nc3 a6 6. Be3 e5 7.
Nb3 Be6 8. f3 h5 9. Nd5 Bxd5 10.
exd5 g6 11. Qd2 Nbd7 12. O-O-O Nb6 13. Kb1 Nfxd5 14. Bg1 Nf6 15. g4 hxg4 16. fxg4 Be7 17. Bg2 Qc7 18. Qa5 Nfd7 19. Rd3 O-O 20. Rc3 Nc5 21.
Nxc5 dxc5 22. Rb3 Qd6 23. Rd3 Qe6 24. Bxc5 Nc4 25. Qb4 Bxc5 26. Qxc5 Rac8 27. Qd5 Qb6 28. Rb3 Qf2 29. Ka1 Qxc2 30. Qxb7 Nd2 31. Rb4 Qc1+ 0-1

[Event "*** Titled Tuesday Blitz"]
[Site "Chess.com"]
[Date "2020.04.07"]
[Round "6"]
[White "AyMitecK"]
[Black "pastouche06"]
[Result "0-1"]
[WhiteElo "2290"]
[BlackElo "2466"]
[TimeControl "180+1"]
[EndTime "14:07:50 PDT"]
[Termination "pastouche06 won on time"]

1. e4 c6 2. Ne2 d5 3. e5 c5 4.
d4 cxd4 5. Nxd4 e6 6. c3 Nc6 7. f4 Nxd4 8. cxd4 Ne7 9. Bd3 Nc6 10. Be3 Qb6 11. Qd2 Bd7 12. Bc2 Nb4 13. Nc3 Nxc2+ 14.
Qxc2 g6 15. O-O Rc8 16. a3 Be7 17. Qd2 Qb3 18. Rfc1 O-O 19. g4 f5 20. h3 Rc4 21.
Kg2 Rfc8 22. gxf5 gxf5 23. Kf2 Kh8 24. Rg1 Ba4 25. Rgc1 Rg8 26. Ne2 Bb5 27. Rxc4 Bxc4 28. Nc1 Bh4+ 29. Kf3 Qb5 30. Bf2 Be7 31. b4 Bf1 32.
Ne2 Bxh3 33. Ke3 Bg4 34. Rh1 Rc8 35. Nc3 Qc4 36. Nd1 Qb3+ 0-1

[Event "*** Titled Tuesday Blitz"]
[Site "Chess.com"]
[Date "2020.04.07"]
[Round "6"]
[White "Lony7"]
[Black "aa175"]
[Result "0-1"]
[WhiteElo "2358"]
[BlackElo "2268"]
[TimeControl "180+1"]
[EndTime "14:07:51 PDT"]
[Termination "aa175 won on time"]

1. e4 c5 2. Nf3 d6 3. Bb5+ Nd7 4. Ba4 a6 5. c4 Nf6 6. Nc3 e5 7. O-O g6 8. d3 Bg7 9. h3 O-O 10. Rb1 a5 11. a3 b6 12. Be3 Bb7 13. b4 axb4 14.
axb4 Qc8 15. Qb3 Bc6 16. Bxc6 Qxc6 17. Ra1 Rxa1 18. Rxa1 Ra8 19. Ra3 Ne8 20. b5 Qb7 21. Nd5 Nc7 22. Rxa8+ Nxa8 23. Qa4 Nc7 24. Ne7+ Kf8 25.
Nc6 Nb8 26. Nd2 Nxc6 27. bxc6 Qa6 28. Qxa6 Nxa6 29. Nb1 Ke8 30. Nc3 Nb4 31. Nb5 Bf8 32.
Na7 Kd8 0-1

[Event "*** Titled Tuesday Blitz"]
[Site "Chess.com"]
[Date "2020.04.07"]
[Round "6"]
[White "MathiasWomacka"]
[Black "joksijoksi"]
[Result "1-0"]
[WhiteElo "2415"]
[BlackElo "2262"]
[TimeControl "180+1"]
[EndTime "14:07:51 PDT"]
[Termination "MathiasWomacka won on time"]

1. e4 e6 2. d4 d5 3. Nd2 c5 4.
exd5 Qxd5 5. Ngf3 cxd4 6. Bc4 Qd6 7. O-O Nc6 8. Nb3 a6 9. Nbxd4 Nxd4 10. Nxd4 Qc7 11.
Bd3 Bd6 12. Qh5 Nf6 13. Qh4 Bd7 14. Bg5 O-O-O 15. Bxf6 gxf6 16. Rad1 Rhg8 17. Be4 f5 18. Bf3 e5 19. Nb3 e4 20. Be2 f4 21. Kh1 Rxg2 22.
Kxg2 f3+ 23. Bxf3 exf3+ 24. Kh1 Rg8 25. Rg1 Re8 26. Rd3 Kb8 27. Qd4 Re6 28. Rc3 Qd8 29.
Nc5 Rh6 30. Nxd7+ Ka8 31. Nb6+ 1-0

[Event "*** Titled Tuesday Blitz"]
[Site "Chess.com"]
[Date "2020.04.07"]
[Round "6"]
[White "Vojtastr"]
[Black "Faqade"]
[Result "0-1"]
[WhiteElo "2483"]
[BlackElo "2609"]
[TimeControl "180+1"]
[EndTime "14:07:52 PDT"]
[Termination "Faqade won by resignation"]

1. c4 Nf6 2. Nc3 g6 3. e4 d6 4. d4 Bg7 5. Nf3 O-O 6. Be2 c6 7. Bg5 h6 8. Bh4 a6 9. O-O b5 10. a3 Nbd7 11. Re1 e5 12. d5 cxd5 13. cxd5 Nb6 14.
Nd2 Bd7 15. Rc1 Rc8 16. b4 Qe7 17. Qb3 Rc7 18. Na2 Rfc8 19. Rxc7 Rxc7 20. Rc1 Qd8 21. f3 Na4 22. Bf2 h5 23. Nb1 Rxc1+ 24. Nxc1 Qc7 25. Na2 Bh6 26. Nac3 Ne8 27. Kf1 Bf4 28. g3 Bg5 29. Nxa4 bxa4 30. Qc4 Qxc4 31. Bxc4 Nc7 32. Nc3 Bc1 33.
Bb6 Nb5 34. Bxb5 Bxb5+ 35. Nxb5 axb5 36. Bc7 Bxa3 37. Bxd6 Bb2 38. Be7 f5 39. d6 Kf7 0-1

[Event "*** Titled Tuesday Blitz"]
[Site "Chess.com"]
[Date "2020.04.07"]
[Round "6"]
[White "annacramling"]
[Black "Evhen_Taranenko"]
[Result "1-0"]
[WhiteElo "1967"]
[BlackElo "2304"]
[TimeControl "180+1"]
[EndTime "14:07:52 PDT"]
[Termination "annacramling won on time"]

1. d4 Nf6 2. c4 g6 3. Nc3 Bg7 4. e4 d6 5. h3 O-O 6. Nf3 e5 7. d5 Nfd7 8. g4 a5 9. Be2 Nc5 10. Qc2 Nbd7 11. Be3 b6 12. O-O-O Nf6 13. Nd2 Bd7 14.
f3 c6 15. dxc6 Bxc6 16. h4 h5 17. gxh5 Nxh5 18. Nb3 Ng3 19. Rhg1 Nxb3+ 20. Qxb3 Nxe2+ 21. Nxe2 Rb8 22. Bg5 Bf6 23. Qe3 Bxg5 24. hxg5 Kg7 25. f4 exf4 26. Qxf4 Qe7 27. Qf6+ Qxf6 28. gxf6+ Kg8 29.
Rg4 Rbd8 30. Rh4 Rfe8 31. Rdh1 1-0

[Event "*** Titled Tuesday Blitz"]
[Site "Chess.com"]
[Date "2020.04.07"]
[Round "6"]
[White "hansen"]
[Black "MarcoRiehle"]
[Result "0-1"]
[WhiteElo "3000"]
[BlackElo "2717"]
[TimeControl "180+1"]
[EndTime "14:07:53 PDT"]
[Termination "MarcoRiehle won on time"]

1. e4 e5 2. Nf3 Nf6 3. Nxe5 Nxe4 4. Qe2 Qe7 5. Qxe4 d6 6. d4 dxe5 7. dxe5 Nc6 8. Nc3 Qxe5 9. Bf4 Qxe4+ 10. Nxe4 Bf5 11.
Bd3 O-O-O 12. O-O-O Nd4 13. Rhe1 Ne6 14. Be3 Kb8 15.
f3 Be7 16. a3 Bg6 17. g3 b6 18.
Nf2 Bxd3 19. Nxd3 Bf6 20. Nb4 Kb7 21. Nd5 Bd4 22. Bxd4 Rxd5 23. Bc3 Rhd8 24. Rxd5 Rxd5 25. f4 g6 26. a4 h5 27. Be5 a6 28. b3 b5 29. axb5 axb5 30. h3 Rd8 31. g4 hxg4 32.
hxg4 Rd5 33. g5 Nc5 34. Re3 Ne6 35. Rh3 Nxg5 36. Re3 Ne6 37. Kb2 g5 38. f5 Nc5 39.
c4 Rxe5 40. Rxe5 Nd3+ 0-1

[Event "*** Titled Tuesday Blitz"]
[Site "Chess.com"]
[Date "2020.04.07"]
[Round "6"]
[White "Schachspielerr"]
[Black "Mikhail_Golubev"]
[Result "0-1"]
[WhiteElo "2698"]
[BlackElo "2528"]
[TimeControl "180+1"]
[EndTime "14:07:53 PDT"]
[Termination "Mikhail_Golubev won by resignation"]

1. d4 Nf6 2. c4 g6 3. Nc3 Bg7 4. e4 d6 5. f3 O-O 6. Be3 a6 7. Qd2 Nbd7 8. Nh3 c5 9. d5 Ne5 10. Nf2 b5 11. cxb5 axb5 12. Bxb5 Ba6 13. Bxa6 Rxa6 14.
Qe2 Qa5 15. O-O Rb8 16. Rab1 Rab6 17. Rfc1 h5 18. h3 h4 19. b3 Nh5 20. Na4 Ng3 21. Qe1 Qa6 22. Nxb6 Ne2+ 23. Kh1 Nxc1 24. Qxc1 Rxb6 25. Qc2 Rb7 26. f4 Nd7 27. Nd3 c4 28. bxc4 Rxb1+ 29. Qxb1 Qxc4 30. Nf2 Qe2 31. Ba7 Bh6 32.
Qc1 Ne5 33. Bd4 Kh7 34. a4 Nd3 35. Qd1 Nxf2+ 0-1

[Event "*** Titled Tuesday Blitz"]
[Site "Chess.com"]
[Date "2020.04.07"]
[Round "6"]
[White "kasparicy"]
[Black "NMZanette"]
[Result "1-0"]
[WhiteElo "2324"]
[BlackElo "2169"]
[TimeControl "180+1"]
[EndTime "14:07:53 PDT"]
[Termination "kasparicy won on time"]

1. e4 c5 2. Nf3 d6 3. d4 cxd4 4. Nxd4 Nf6 5. Nc3 a6 6. Qf3 Nbd7 7. g4 Ne5 8. Qg3 Nexg4 9. h3 Ne5 10. f4 Nc6 11. Be3 Qa5 12. O-O-O g6 13. Nb3 Qc7 14. h4 Bg4 15. Rd2 h5 16. e5 dxe5 17. fxe5 Nxe5 18. Bf4 Nfd7 19. Rxd7 Qxd7 20. Bxe5 Bh6+ 21. Kb1 O-O 22. Bd3 b5 23. Ne4 Qc6 24. Bc3 f6 25. Rf1 Kh7 26. Nf2 Qd7 27. Rg1 f5 28. Nxg4 hxg4 29.
h5 gxh5 30. Qh4 Qe8 31. Nd4 e6 32. Re1 e5 33. Nxf5 1-0

[Event "*** Titled Tuesday Blitz"]
[Site "Chess.com"]
[Date "2020.04.07"]
[Round "6"]
[White "Galileo22"]
[Black "StoreySniper"]
[Result "0-1"]
[WhiteElo "2339"]
[BlackElo "2530"]
[TimeControl "180+1"]
[EndTime "14:07:54 PDT"]
[Termination "StoreySniper won by resignation"]

1. d4 g6 2. Nf3 Bg7 3. e4 c5 4. dxc5 Qa5+ 5. Bd2 Qxc5 6. Nc3 Nf6 7. e5 Ng4 8. Ne4 Qc7 9. Qe2 Nc6 10. Nd6+ Kf8 11.
Nb5 Qb8 12. O-O-O a6 13. Nc3 Ngxe5 14. Re1 d6 15. Nxe5 Nxe5 16. f4 Nc6 17. g4 h5 18.
f5 gxf5 19. gxh5 Be6 20. Rg1 Qc7 21. Bg2 Rc8 22. Bxc6 Qxc6 23. Qe3 Bh6 24. Qd4 Bxd2+ 25. Kxd2 Rh7 26. h6 Ke8 27. Rg8+ Kd7 28. Rxc8 Qxc8 29.
Ne2 Qf8 30. b3 Qxh6+ 31. Kd1 Qxh2 32. Qb6 Qg2 33. Nd4 Qd5 34. Kc1 Rh4 35. Rd1 Qe4 36.
Nxe6 Kxe6 37. Kb1 Qc6 38. Rc1 Qxb6 39. Re1+ 0-1

[Event "*** Titled Tuesday Blitz"]
[Site "Chess.com"]
[Date "2020.04.07"]
[Round "6"]
[White "karinachess1"]
[Black "DerKnipser"]
[Result "1-0"]
[WhiteElo "2526"]
[BlackElo "2315"]
[TimeControl "180+1"]
[EndTime "14:07:54 PDT"]
[Termination "karinachess1 won by checkmate"]

1. Nf3 e6 2. c4 f5 3. g3 Nf6 4. Bg2 d6 5. d4 Be7 6. O-O O-O 7. Nc3 d5 8. b3 c6 9. a4 Ne4 10. Qc2 Nd7 11. Ba3 Ndf6 12. Bxe7 Qxe7 13. Ne5 Bd7 14. f3 Nxc3 15. Qxc3 Be8 16. c5 Bg6 17. f4 Bh5 18. e3 Ne4 19. Qc2 g5 20. b4 a6 21. Rab1 Ra7 22. b5 axb5 23. axb5 cxb5 24. Rxb5 Ra3 25. Qb2 Rxe3 26. Rxb7 Qd8 27. c6 Qa5 28. Rd7 Re2 29. Qb7 Nf6 30.
Rg7+ Kh8 31. fxg5 Rxg2+ 32. Kxg2 Qd2+ 33. Kh1 Qxd4 34. gxf6 Qe4+ 35. Kg1 Qe3+ 36. Kg2 Qe2+ 37. Rf2 Qe4+ 38. Kh3 Bg4+ 39. Nxg4 fxg4+ 40. Rxg4 Qe3 41. Qg7# 1-0